 Dungeon Crawl Stone Soup version 0.22.1-1-ga44c0e56f4 (webtiles) character file.

63 Jukra the Shield-Bearer (level 4, -1/37 HPs)
             Began as a Formicid Fighter on Sept 23, 2018.
             Slain by an adder (2 damage)
             ... on level 2 of the Dungeon.
             The game lasted 00:05:59 (1828 turns).

Jukra the Shield-Bearer (Formicid Fighter)          Turns: 1828, Time: 00:06:00

Health: -1/37      AC:  6    Str: 21    XL:     4   Next: 31%
Magic:  4/4        EV:  7    Int:  8    God:
Gold:   77         SH:  9    Dex: 10    Spells: 3/3 levels left

rFire    . . .     SeeInvis +   a - +0 war axe
rCold    . . .     Gourm    .   h - +0 shield
rNeg     . . .     Faith    .   b - +0 scale mail
rPois    .         Spirit   .   (helmet unavailable)
rElec    .         Reflect  .   (no cloak)
rCorr    .         Harm     .   (no gloves)
MR       .....                  (no boots)
Stlth    ..........             (no amulet)
HPRegen  0.12/turn              (no ring)
MPRegen  0.09/turn              (no ring)

@: heavily drained
A: permanent stasis, dig shafts and tunnels, four strong arms, antennae 3
a: Dig, Shaft Self


You were on level 2 of the Dungeon.
You were not hungry.

You visited 1 branch of the dungeon, and saw 2 of its levels.

You collected 77 gold pieces.

Inventory:

Hand Weapons
 a - a +0 war axe (weapon)
Armour
 b - a +0 scale mail (worn)
 c - a +0 shield
 h - a +0 shield (worn)
Jewellery
 j - an uncursed ring of see invisible {unknown}
Scrolls
 e - 3 scrolls of remove curse {unknown}
 i - a scroll of amnesia {unknown}
 l - a scroll of enchant weapon {unknown}
 m - a scroll of teleportation {unknown}
Potions
 d - a potion of might
 g - a potion of ambrosia {unknown}
 k - a potion of brilliance {unknown}
Comestibles
 f - 2 rations


   Skills:
 + Level 3.8(2.6) Fighting
 + Level 2.7(1.5) Axes
 + Level 3.8(2.6) Armour
 + Level 0.1(0.0) Dodging
 + Level 4.3(3.0) Shields


You had 3 spell levels left.
You didn't know any spells.
Your spell library was empty.

Dungeon Overview and Level Annotations

Branches:
Dungeon (2/15)

Altars:

Annotations:
D:2 Natasha


Innate Abilities, Weirdness & Mutations

You cannot be hasted, slowed, berserked, paralysed or teleported.
You can dig through walls and to a lower floor.
Your four strong arms can wield two-handed weapons with a shield.
You have a pair of large antennae on your head. (SInv)


Message History

The crimson imp blinks!
The adder bites you but does no damage.
You miss the adder. The adder barely misses you.
The adder bites you but does no damage.
You closely miss the adder. The adder bites you but does no damage.
You block the adder's attack.
You barely miss the adder.
You feel sick. The adder bites you but does no damage. The adder bites you.
* * * LOW HITPOINT WARNING * * *
You barely miss the adder.
The shadow imp disappears in a puff of smoke!
The adder barely misses you. The adder bites you but does no damage.
Your shield prevents you from hitting the adder.
The crimson imp disappears in a puff of smoke!
The adder barely misses you. You block the adder's attack.
You completely miss the adder.
You feel sick.
You are no longer poisoned.
The adder bites you.
* * * LOW HITPOINT WARNING * * *
The adder bites you.
You die...

...## .....##+#######
...............
.............
.......?.... #..ยง...%...
#..hK......
##########S############
..........@#..........#
...........#..........#
...........#..........#
...........#).........#
..........)'.)........#
..........)#).........###
...........######.......#
...........# #..)#...#
..........(# #..#.#..#


You could see Natasha, an adder and a kobold.

Vanquished Creatures
  Robin (D:2)
  A dart slug (D:2)
  2 leopard geckos (D:1)
  4 bats (D:1)
  A giant cockroach (D:1)
  15 goblins
  9 hobgoblins
  4 frilled lizards
  3 kobolds (D:1)
  2 rats (D:1)
42 creatures vanquished.

Vanquished Creatures (others)
  8 toadstools (D:2)
8 creatures vanquished.

Grand Total: 50 creatures vanquished

Notes
Turn   | Place    | Note
-------+----------+-------------------------------------------
     0 | D:1      | Jukra the Formicid Fighter began the quest for the Orb.
     0 | D:1      | Reached XP level 1. HP: 18/18 MP: 1/1
   105 | D:1      | Noticed a dwarf
   107 | D:1      | Noticed a human
   108 | D:1      | Noticed a spriggan
   112 | D:1      | Noticed a merfolk zombie
   116 | D:1      | Noticed a ghoul
   116 | D:1      | Noticed an octopode
   118 | D:1      | Noticed an octopode
   177 | D:1      | Reached XP level 2. HP: 24/24 MP: 2/2
   673 | D:1      | Reached XP level 3. HP: 20/29 MP: 3/3
   673 | D:1      | Reached skill level 4 in Shields
  1430 | D:2      | Found a faded altar of an unknown god.
  1482 | D:2      | Noticed Robin
  1493 | D:2      | Reached XP level 4. HP: 5/37 MP: 4/4
  1497 | D:2      | Killed Robin
  1801 | D:2      | Noticed Natasha
  1828 | D:2      | HP: 1/37 [adder (1)]
  1828 | D:2      | Slain by an adder

Skill      XL: |  1  2  3 |
---------------+----------+-----
Shields        | 4 |  4.3
Fighting       | |  3.8
Axes           | |  2.7
Armour         | |  3.8
Dodging        | |  0.1

Action                   |  1- 3 |  4- 6 || total
-------------------------+-------+-------++-------
Melee: War axe           |   135 |    30 ||   165
 Abil: Dig               |     1 |       ||     1
  Eat: Chunk             |     2 |     1 ||     3
Armor: Scale mail        |    78 |    15 ||    93
Dodge: Dodged            |    41 |    14 ||    55
Block: Shield            |    74 |    28 ||   102
